 Dungeon Crawl Stone Soup version 0.29-a0-334-gb41bcbb86e (webtiles) character file.

Game seed: 7326791309512252487

138257 spaghetti the Tortoise (level 16, -7/123 HPs)
             Began as a Demonspawn Monk on Apr 14, 2022.
             Was a High Priest of Qazlal.
             Blown up by a sun moth (27 damage)
             ... with a bolt of energy
             ... on level 4 of the Spider Nest.
             The game lasted 01:00:50 (31853 turns).

spaghetti the Tortoise (Demonspawn Monk)           Turns: 31853, Time: 01:00:51

Health: -7/123     AC: 44    Str: 22 (25) XL:     16   Next: 70%
Magic:  0/27       EV:  7    Int: 13      God:    Qazlal [*****.]
Gold:   1419       SH: 19    Dex: 16 (17) Spells: 15/15 levels left

rFire   . . .      SeeInvis .   t - +10 morningstar of Patterns {vamp, rPois, mace}
rCold   + . .      Faith    .   c - +0 kite shield {rC+}
rNeg    . . .      Spirit   +   l - +2 crystal plate armour {rare=g}
rPois   +          Reflect  .   (no helmet)
rElec   .          Harm     .   (cloak unavailable)
rCorr   .          Rampage  .   h - +1 Delatra's gloves {ID++}
Will    ++...                   d - +0 pair of boots
Stlth   ..........              K - amulet of guardian spirit
HPRegen 0.30/turn               Q - +4 ring of protection
MPRegen 0.20/turn               y - +6 ring of strength

@: mighty, on fire, protected from physical damage, sanguine armoured, hasted,
glowing, invisible (but backlit and visible), repel missiles, unable to read,
very quick
A: demonic guardian 2, spiny 3, sanguine armour 1, demonic willpower, weakness
stinger 3, talons 1, strong 1, inability to read while threatened
a: Renounce Religion, Upheaval, Elemental Force, Disaster Area


You were on level 4 of the Spider Nest.
You worshipped Qazlal.
Qazlal was extremely pleased with you.
You visited 5 branches of the dungeon, and saw 27 of its levels.

You collected 2572 gold pieces.
You spent 1153 gold pieces at shops.


Innate Abilities, Weirdness & Mutations

A demonic guardian rushes to your aid.
You are completely covered in sharp spines.
When seriously injured, your blood forms armour. (AC +6)
You punish those that try to bend your will. (Will+)
You have a sharp stinger which inflicts weakening toxins.
You have sharp toenails.
Your muscles are strong. (Str +2)
You sometimes lose the ability to read scrolls when taking damage.


   Skills:
 - Level 10.4 Fighting
 - Level 2.7(5.4) Axes
 + Level 7.3(7.6) Maces & Flails
 * Level 17.2 Armour
 - Level 8.2 Dodging
 - Level 1.7 Stealth
 - Level 13.9 Shields
 - Level 15.9 Invocations


You had 15 spell levels left.
You didn't know any spells.
Your spell library contained the following spells:

 Spells                   Type           Power      Damage    Failure   Level
 Animate Skeleton         Necr           0%         N/A       100%        1
 Apportation              Tloc           0%         N/A       100%        1
 Foxfire                  Conj/Fire      0%         2x1d4     100%        1
 Sting                    Tmut/Pois      0%         1d3       100%        1
 Summon Small Mammal      Summ           0%         N/A       100%        1
 Blink                    Tloc           0%         N/A       100%        2
 Poisonous Vapours        Pois/Air       0%         N/A       100%        2
 Sublimation of Blood     Necr           0%         N/A       100%        2
 Wereblood                Tmut           0%         N/A       100%        2
 Conjure Flame            Conj/Fire      0%         6-21      100%        3
 Inner Flame              Hex/Fire       0%         N/A       100%        3
 Lesser Beckoning         Tloc           0%         N/A       100%        3
 Ozocubu's Armour         Ice            0%         N/A       100%        3
 Portal Projectile        Hex/Tloc       0%         N/A       100%        3
 Flame Wave               Conj/Fire      0%         2d4       100%        4
 Olgreb's Toxic Radiance  Pois           0%         N/A       100%        4
 Blade Hands              Tmut           0%         N/A       100%        5
 Excruciating Wounds      Necr           0%         N/A       100%        5
 Fireball                 Conj/Fire      0%         3d3       100%        5
 Manifold Assault         Tloc           0%         N/A       100%        5
 Summon Forest            Summ/Tloc      0%         N/A       100%        5
 Summon Mana Viper        Hex/Summ       0%         N/A       100%        5
 Starburst                Conj/Fire      0%         6d3       100%        6
 Summon Cactus Giant      Summ           0%         N/A       100%        6
 Ozocubu's Refrigeration  Ice            0%         4d5       100%        7
 Summon Hydra             Summ           0%         N/A       100%        7
 Ignition                 Fire           0%         3d3       100%        8

Inventory:

Hand Weapons
 g - the +7 scimitar of the Egg {elec, *Rage *Corrode rPois rC+++, long}
   (You found it on level 6 of the Lair of Beasts)

   It occasionally discharges a powerful burst of electricity upon striking a
   foe.
   rC:        It renders you almost immune to cold.
   rPois:     It protects you from poison.
   *Rage:     It berserks you when you make melee attacks (+20% chance).
   *Corrode:  It may corrode you when you take damage.
 t - the +10 morningstar of Patterns (weapon) {vamp, rPois, mace}
   (You bought it in a shop on level 2 of the Orcish Mines)

   It occasionally heals its wielder for a portion of the damage dealt when it
   wounds a living foe.
   rPois:     It protects you from poison.
 G - a +1 triple sword of freezing {longrare=g}
   (You took it off Rupert on level 4 of the Lair of Beasts)
Missiles
 e - 25 poisoned darts {throwing}
 i - 3 boomerangs of dispersal {=f!fthrowing}
 p - 32 boomerangs {throwing}
 q - 560 stones (quivered) {throwing}
 v - 6 datura-tipped darts {throwing}
 M - 4 curare-tipped darts {=fthrowing}
 N - a throwing net {=f!fthrowing}
 O - 6 javelins {throwing}
Armour
 c - a +0 kite shield of cold resistance (worn)
   (You took it off a tengu warrior on level 13 of the Dungeon)
 d - a +0 pair of boots (worn)
   (You found it on level 1 of the Dungeon)
 h - the +1 Delatra's gloves (worn) {ID++}
   (You found it on level 4 of the Dungeon)

   It heals its wearer when they drink unknown potions.
   It restores its wearer's MP when they read unknown scrolls.
 l - a +2 crystal plate armour (worn) {rare=g}
   (You found it on level 2 of the Dungeon)
 D - the +4 ring mail of Imperfection {rF+++}
   (You found it on level 3 of the Spider Nest)

   rF:        It renders you almost immune to fire.
Jewellery
 y - a +6 ring of strength (right hand)
   (You bought it in a shop on level 9 of the Dungeon)
 K - an amulet of guardian spirit (around neck)
   (You found it on level 11 of the Dungeon)
 Q - a +4 ring of protection (left hand)
   (You found it on level 9 of the Dungeon)
Scrolls
 b - a scroll of blinking {!r}
 f - a scroll of immolation {!r!r}
 m - 2 scrolls of fog
 n - 2 scrolls of vulnerability {!r!r}
 r - 2 scrolls of silence {!r}
 w - 5 scrolls of amnesia
 x - 3 scrolls of holy word {!r}
 C - 7 scrolls of teleportation {@r4}
 L - 3 scrolls of fear
 S - 4 scrolls of enchant weapon
 X - a scroll of magic mapping {!r}
 Z - 4 scrolls of brand weapon
Potions
 a - 2 potions of cancellation
 j - 6 potions of attraction {!q}
 k - a potion of invisibility
 s - 5 potions of lignification {!q}
 u - 3 potions of haste {@q3}
 z - 3 potions of might
 A - 6 potions of flight
 B - 4 potions of mutation {!q}
 E - 2 potions of magic
 H - 7 potions of curing {@q1}
 W - 2 potions of brilliance
Miscellaneous
 R - a lightning rod (4/4)
   (You found it on level 9 of the Dungeon)
 V - a phantom mirror (inert)
   (You found it on level 13 of the Dungeon)

Dungeon Overview and Level Annotations

Branches:
Dungeon (14/15)            Temple (1/1) D:4            Lair (6/6) D:11
 Shoals (0/4) Lair:2       Spider (4/4) Lair:3        Slime (0/5) Lair:6
    Orc (2/2) D:11            Elf (0/3) Orc:2        Vaults (0/5) D:13

Altars:
Ashenzari
Cheibriados
Dithmenos
Elyvilon
Fedhas
Gozag
Hepliaklqana
Kikubaaqudgha
Makhleb
Nemelex Xobeh
Okawaru
Qazlal
Ru
Sif Muna
Trog
Uskayaw
Vehumet
Wu Jian
Xom
Yredelemnul
Zin
The Shining One
Beogh
Jiyva

Shops:
D:2 ?   D:9 =   Orc:2 *[:(

Annotations:
D:14 Roxanne
Lair:2 1 runed translucent door, exclusion: 2 electric eels, rageheart7's ghost, journeyman DjAK
Lair:6 4 runed translucent doors, zishaf's ghost, journeyman TrDe

####^.....#...#
#.......^######
#^.....###
##.....#
#....###
####.○.# #
#....#
###^.#.4####
#..^.^.Zs@y#
####.###sy##
#....B)s##
###.Z.### #..Z
#.. .... ....
....


You could see an emperor scorpion, a sun moth, a ghost moth (invisible), 2
demonic crawlers, a pharaoh ant, 2 emperor scorpion simulacra, a steelbarb worm
simulacrum and a friendly hellwing (summoned).


Message History

😨 HP[+4]
You regained 4 hp, and now have 44/123 hp.
Unknown command.
The pharaoh ant gives a chilling moan.
You puncture the demonic crawler!
The pharaoh ant gives a chilling moan.
You block the demonic crawler's attack. x2
The demonic crawler hits you but does no damage.
The demonic crawler is struck by your spines.
The demonic crawler hits you!
* * * LOW HITPOINT WARNING * * *
You feel more protected from physical attacks.
You block the demonic crawler's attack.
The demonic crawler hits you but does no damage. 😨 HP[-8]
You take 8 damage, and now have 36/123 hp.
Unknown command.
Aiming: Upheaval
Press: ? - help, Dir - move target, f - sun moth
Aim: a sun moth (wandering, can't see you, hasn't noticed you, haloed)
The ground shakes violently, spewing rubble!
The blast of rubble hits the sun moth.
The blast of rubble hits the demonic crawler!
The blast of rubble hits the emperor scorpion.
The pharaoh ant gives a chilling moan.
A ghost moth comes into view.
The ghost moth stares at you.
You feel your power leaking away. You block the ghost moth's attack.
The ghost moth hits you but does no damage.
You block the ghost moth's attack. You block the demonic crawler's attack.
The demonic crawler hits you but does no damage.
You block the demonic crawler's attack.
The demonic crawler hits you but does no damage. x3 😨 MP[-4]
You lost 4 mp, and now have 0/27 mp.
Unknown command.
Unknown command.
Unknown command.
Okay, then.
You cannot read scrolls in your current state!
Unknown command.
Okay, then.
Okay, then.
Unknown command.
Unknown command.
Unknown command.
You impale the ghost moth!!
You tail-slap the ghost moth, but do no damage.
The sun moth is engulfed in freezing vapours.
You block the sun moth's attack.
The ghost moth is struck by your spines.
The ghost moth hits you!
* * * LOW HITPOINT WARNING * * *
The ghost moth hits you but does no damage.
The ghost moth stings you but does no damage.
You feel you are being watched by something.
You block the demonic crawler's attack. x2
The demonic crawler barely misses you. 😱 HP[-9]
You take 9 damage, and now have 27/123 hp.
Unknown command.
Unknown command.
You completely miss the ghost moth. You block the demonic crawler's attack.
The demonic crawler hits you but does no damage.
The demonic crawler barely misses you.
The sun moth is engulfed in freezing vapours.
The sun moth bites you.
* * * LOW HITPOINT WARNING * * *
You are covered in liquid flames.
You are covered in liquid flames!
The ghost moth stares at you.
The ghost moth hits you but does no damage.
You block the ghost moth's attack. x2
You feel you are being watched by something.
The demonic crawler completely misses you.
The demonic crawler barely misses you.
The demonic crawler hits you but does no damage.
The demonic crawler completely misses you.
The demonic crawler hits you.
* * * LOW HITPOINT WARNING * * *
A demonic guardian appears!
The demonic crawler hits you but does no damage. 😱 HP[-3]
You take 3 damage, and now have 24/123 hp.
Unknown command.
Unknown command.
Unknown command.
Unknown command.
Unknown command.
Press: ? - help, v - describe, . - travel The floor, spattered with blood.
This square is lit by a halo.
You completely miss the ghost moth.
You are covered in liquid flames!
* * * LOW HITPOINT WARNING * * *
The sun moth is engulfed in freezing vapours.
The sun moth throws energy at you. The bolt of energy hits you!!
You die...

Skill      XL: |  1  2  3  4  5  6  7  8  9 10 11 12 13 14 15 16 |
---------------+-------------------------------------------------+-----
Dodging        | 3 5 8 |  8.2
Armour         | 1 2 4 5 6 8 9 11 12 15 17 | 17.2
Invocations    | 1 4 6 9 12 13 15 | 15.9
Fighting       | 5 8 10 | 10.4
Shields        | 10 13 | 13.9
Maces & Flails | 4 7 |  7.3
Axes           | |  2.7
Stealth        | |  1.7

Action                   |  1- 3 |  4- 6 |  7- 9 | 10-12 | 13-15 | 16-18 || total
-------------------------+-------+-------+-------+-------+-------+-------++-------
Melee: Hand axe          |    53 |    65 |       |   246 |   126 |       ||   490
       Tailslap          |       |    14 |    49 |    63 |   188 |    38 ||   352
       Punch             |       |     2 |     2 |     4 |       |       ||     8
       Dagger            |       |    25 |   207 |    18 |       |       ||   250
       Morningstar       |       |       |       |   104 |   428 |   239 ||   771
       Unarmed           |       |       |       |     2 |       |       ||     2
       Long sword        |       |       |       |       |   152 |       ||   152
       Scimitar          |       |       |       |       |   186 |       ||   186
Throw: Dart              |     1 |       |       |       |       |       ||     1
       Stone             |       |    47 |   161 |   123 |   213 |    54 ||   598
Invok: Upheaval          |       |       |     1 |     9 |    17 |     3 ||    30
       Elemental Force   |       |       |       |     3 |     3 |     2 ||     8
       Disaster Area     |       |       |       |       |     1 |     3 ||     4
Evoke: Wand              |       |       |       |       |     2 |       ||     2
       Phantom mirror    |       |       |       |       |       |     1 ||     1
  Use: Scroll            |     1 |     7 |     4 |     7 |    11 |       ||    30
       Potion            |       |     5 |     6 |       |     4 |    10 ||    25
 Stab: Distracted        |       |       |       |     3 |       |     1 ||     4
       Invisible         |       |       |       |       |       |     4 ||     4
       Paralysed         |       |       |       |       |       |     1 ||     1
Armor: Robe              |     4 |       |       |       |       |       ||     4
       Crystal plate arm |    28 |    71 |   289 |   589 |   889 |   423 ||  2289
Dodge: Dodged            |    15 |     3 |    29 |   168 |   325 |   116 ||   656
       Repelled          |       |       |       |       |     1 |       ||     1
Block: Other             |       |     5 |    44 |   127 |     3 |       ||   179
       Kite shield       |       |       |       |       |  1175 |   474 ||  1649

Levels and vault maps discovered:
D:1:      minmay_arrival_radiant_lines, layout_rooms,
          hellmonk_ecumenical_altar_crossroads, minmay_fountain_box
D:2:      layout_basic, serial_shops, nicolae_shop_trees
D:3:      layout_basic, kennysheep_boxes
D:4:      layout_layer_cave, minmay_temple_entry_junction_2,
          pf_guarded_unrand_delatra, uniq_menkaure
D:5:      black_bear_nest_2, layout_cave_pools, lemuel_round_altar,
          nicolae_elyvilon_temple_path, lemuel_doored_altar,
          grunt_dithmenos_smoke_and_mirrors, gup_sewer_entry_pipe
D:6:      layout_basic, minmay_ruffians
D:7:      layout_rooms, cheibriados_altar_1
D:8:      layout_basic
D:9:      layout_roguey, serial_shops, nicolae_stop_n_shop_2,
          kennysheep_generic_room_11
D:10:     layout_long_grid, nicolae_vehumet_altar_sigil, enter_bailey_2,
          uniq_lodul
D:11:     layout_gridville, dpeg_lair_monsters, orc_0_dummy,
          minmay_stone_trees_small, small_chamber_with_monster
D:12:     layout_cave_pools, serial_glass, glass_columns_a, glass_columns_b,
          glass_columns_c, glass_columns_b, glass_columns_a, glass_columns_c,
          glass_columns_b, glass_columns_a, uniq_azrael, uniq_psyche, uniq_sonja
D:13:     layout_loops_ring, david_vaults_2, nicolae_tso_swordbearing_angel
D:14:     layout_basic, minmay_orc_keep, uniq_roxanne
Temple:   eino_temple_rhombus
Lair:1:   layout_big_grid, beast_lair_carwin_3, serial_bayou_shore_b,
          grunt_megastairs_4
Lair:2:   layout_cave_pods, shoals_dummy_entry, gammafunk_ghost_grave,
          serial_bayou, serial_bayou_pond_a, serial_bayou_pond_b,
          serial_bayou_pond_a, serial_bayou_shore_b, patterned_corridor,
          grunt_megastairs_5, lemuel_fruit_tree
Lair:3:   layout_regular_city, spider_nest_entry_a, cheibrodos_lair_reptile_den
Lair:4:   layout_roguey, uniq_nergalle, uniq_urug, uniq_rupert
Lair:5:   layout_loops_ring, minivault_26, beast_lair_carwin_2
Lair:6:   evilmike_catoblepas_cave, layout_misc_corridors, slime_altar_2,
          ebering_ghost_rock_garden, serial_bayou_shore_a
Spider:1: layout_spider_delve
Spider:2: layout_spider_delve
Spider:3: layout_spider_delve
Spider:4: hellmonk_spider_rune_bug_friends, nicolae_spider_not_touching_you
Orc:1:    layout_diamond_mine, bh_open_orc_temple
Orc:2:    st_orc_congregation, layout_caves

Notes
Turn   | Place    | Note
-------+----------+-------------------------------------------
     0 | D:1      | spaghetti the Demonspawn Monk began the quest for the Orb.
     0 | D:1      | Reached XP level 1. HP: 18/18 MP: 1/1
     0 | D:1      | magus.rc [v1.9.6]
    74 | D:1      | You fall into a shaft and drop 1 floor!
   107 | D:2      | Found Pynoec's Magic Scroll Emporium.
   197 | D:2      | Reached skill level 3 in Dodging
   197 | D:2      | Gained mutation: You are partially covered in sharp spines.
                  | [demonic ancestry]
   197 | D:2      | Reached XP level 2. HP: 15/24 MP: 2/2
   568 | D:2      | You pick up a book of Spatial Translocations and begin
                  | reading...
   568 | D:2      | You add the spells Blink, Lesser Beckoning and Manifold
                  | Assault to your library.
   618 | D:2      | Identified a +0 crystal plate armour
   619 | D:2      | l - a +0 crystal plate armour {rare=g}
   668 | D:2      | You finish putting on your +0 crystal plate armour
                  | {rare=g}.
   957 | D:2      | Bought a scroll of identify for 26 gold pieces
  1001 | D:3      | Reached skill level 1 in Armour
  1001 | D:3      | Gained mutation: A weak demonic guardian rushes to your
                  | aid. [demonic ancestry]
  1001 | D:3      | Reached XP level 3. HP: 22/29 MP: 3/3
  1131 | D:3      | Reached skill level 2 in Armour
  1187 | D:3      | Gained mutation: You have a small tail. [demonic ancestry]
  1187 | D:3      | Reached XP level 4. HP: 33/35 MP: 4/4
  1400 | D:3      | You pick up a book of Fire and begin reading...
  1400 | D:3      | You add the spells Fireball, Starburst and Ignition to your
                  | library.
  1421 | D:3      | Reached skill level 3 in Armour
  1933 | D:4      | Found a staircase to the Ecumenical Temple.
  1942 | Temple   | Entered the Ecumenical Temple
  2116 | Temple   | Became a worshipper of Qazlal Stormbringer
  2116 | Temple   | Reached * piety under Qazlal
  2116 | Temple   | Reached ** piety under Qazlal
  2162 | D:4      | Noticed Menkaure
  2168 | D:4      | HP: 8/35 [Menkaure (9)]
  2175 | D:4      | Killed Menkaure
  2176 | D:4      | Reached skill level 4 in Armour
  2176 | D:4      | Reached XP level 5. HP: 22/41 MP: 5/5
  2458 | D:4      | Noticed an orc warrior
  2462 | D:4      | Reached skill level 1 in Invocations
  2462 | D:4      | Gained mutation: You have a tail ending in a sharp stinger.
                  | [demonic ancestry]
  2462 | D:4      | Reached XP level 6. HP: 47/47 MP: 6/6
  2477 | D:4      | HP: 10/47 [orc warrior/+0 battleaxe (5)]
  2478 | D:4      | Killed an orc warrior
  2479 | D:4      | Reached skill level 5 in Armour
  2479 | D:4      | Reached skill level 2 in Invocations
  2746 | D:4      | Reached skill level 3 in Invocations
  2856 | D:4      | Found the +1 Delatra's gloves {ID++}
  3132 | D:4      | Noticed an ice beast
  3144 | D:4      | Killed an ice beast
  3686 | D:4      | Reached skill level 4 in Invocations
  3686 | D:4      | Gained mutation: You are mostly covered in sharp spines.
                  | [demonic ancestry]
  3686 | D:4      | Reached XP level 7. HP: 43/52 MP: 8/10
  3793 | D:5      | Entered Level 5 of the Dungeon
  3920 | D:5      | Reached skill level 6 in Armour
  3920 | D:5      | Reached skill level 5 in Invocations
  3931 | D:5      | HP: 13/52 [gnoll/+0 whip (7)]
  4003 | D:4      | Reached skill level 6 in Invocations
  4277 | D:5      | Found a blossoming altar of Fedhas.
  4481 | D:5      | Reached XP level 8. HP: 54/58 MP: 12/12
  4585 | D:5      | Found a shimmering blue altar of Sif Muna.
  4877 | D:5      | Found a shadowy altar of Dithmenos.
  5078 | D:5      | Reached skill level 7 in Invocations
  5166 | D:5      | Reached skill level 7 in Armour
  5229 | D:5      | Reached skill level 8 in Invocations
  5240 | D:5      | HP: 7/58 [human/+0 flail (11)]
  5565 | D:5      | Reached skill level 9 in Invocations
  6082 | D:6      | Reached skill level 8 in Armour
  6123 | D:6      | Gained mutation: When seriously injured, your blood forms
                  | armour. (AC +6) [demonic ancestry]
  6123 | D:6      | Reached XP level 9. HP: 43/63 MP: 15/15
  6803 | D:6      | Reached *** piety under Qazlal
  6804 | D:6      | Reached skill level 10 in Invocations
  7326 | D:7      | Reached skill level 9 in Armour
  7436 | D:7      | Reached skill level 11 in Invocations
  7715 | D:7      | Found a snail-covered altar of Cheibriados.
  7762 | D:7      | You add the spells Ozocubu's Armour and Ozocubu's
                  | Refrigeration to your library.
  8200 | D:8      | Reached skill level 12 in Invocations
  8200 | D:8      | Gained mutation: You punish those that try to bend your
                  | will. (Will+) [demonic ancestry]
  8200 | D:8      | Reached XP level 10. HP: 42/70 MP: 17/19
  8209 | D:7      | Reached skill level 10 in Armour
  8667 | D:8      | Identified the +11 hand axe "Niuz" {vorpal, *Noise rPois
                  | Int+3 Dex+2}
  9249 | D:9      | Found Kiadur's Jewellery Emporium.
  9438 | D:9      | Reached skill level 4 in Fighting
  9450 | D:9      | Reached **** piety under Qazlal
  9686 | D:9      | Reached skill level 13 in Invocations
 10056 | D:9      | You pick up a book of the Wilderness and begin reading...
 10056 | D:9      | You add the spells Summon Forest, Summon Mana Viper and
                  | Summon Cactus Giant to your library.
 10254 | D:10     | Entered Level 10 of the Dungeon
 10261 | D:10     | Reached skill level 5 in Fighting
 10558 | D:10     | Noticed a two-headed ogre
 10561 | D:10     | Noticed Lodul
 10563 | D:10     | Noticed a two-headed ogre
 10569 | D:10     | Killed a two-headed ogre
 10570 | D:10     | Reached skill level 11 in Armour
 10570 | D:10     | Gained mutation: You have a sharp stinger which inflicts
                  | weakening toxins. [demonic ancestry]
 10570 | D:10     | Reached XP level 11. HP: 41/81 MP: 12/21
 10570 | D:10     | Killed Lodul
 10571 | D:10     | Reached skill level 14 in Invocations
 10571 | D:10     | Killed a two-headed ogre
 10572 | D:10     | Reached skill level 6 in Fighting
 10844 | D:10     | Found a radiant altar of Vehumet.
 11321 | D:9      | Bought a +6 ring of strength for 702 gold pieces
 11349 | D:11     | Found a staircase to the Lair.
 11349 | D:11     | Noticed a death yak
 11349 | D:11     | Noticed a death yak
 11352 | D:11     | Noticed a death yak
 11365 | D:10     | Killed a death yak
 11365 | D:10     | Killed a death yak
 11366 | D:10     | Reached skill level 7 in Fighting
 11366 | D:10     | Reached skill level 4 in Dodging
 11532 | D:11     | Killed a death yak
 11703 | D:11     | Found a staircase to the Orcish Mines.
 12027 | D:11     | Noticed a two-headed ogre
 12033 | D:11     | Killed a two-headed ogre
 12034 | D:11     | Reached skill level 5 in Dodging
 12475 | D:11     | Reached skill level 8 in Fighting
 12553 | D:11     | You pick up a book of Weapons and begin reading...
 12553 | D:11     | You add the spells Portal Projectile, Excruciating Wounds
                  | and Blade Hands to your library.
 12563 | D:12     | Noticed Azrael
 12697 | D:11     | Reached skill level 15 in Invocations
 12702 | D:11     | Gained mutation: A demonic guardian rushes to your aid.
                  | [demonic ancestry]
 12702 | D:11     | Reached XP level 12. HP: 53/94 MP: 23/23
 13052 | D:11     | Killed Azrael
 13053 | D:11     | Reached skill level 6 in Dodging
 13702 | D:12     | Noticed a six-headed hydra
 13707 | D:12     | Noticed Sonja
 13710 | D:12     | Killed a six-headed hydra
 13714 | D:12     | Killed Sonja
 13715 | D:12     | Reached skill level 9 in Fighting
 13878 | D:12     | Noticed Psyche
 13888 | D:12     | your +0 crystal plate armour {rare=g} melds into your body.
 13890 | D:12     | Killed Psyche
 13908 | D:12     | your +0 crystal plate armour {rare=g} unmelds from your
                  | body.
 14129 | D:12     | Reached skill level 7 in Dodging
 14310 | D:13     | Noticed a centaur warrior
 14317 | D:13     | Killed a centaur warrior
 14412 | D:13     | Noticed a six-headed hydra
 14418 | D:13     | Killed a six-headed hydra
 14419 | D:13     | Reached skill level 12 in Armour
 14505 | D:13     | Noticed a centaur warrior
 14508 | D:13     | Noticed a centaur warrior
 14512 | D:13     | Noticed a centaur warrior
 14516 | D:13     | Killed a centaur warrior
 14517 | D:13     | Reached skill level 10 in Fighting
 14520 | D:13     | Killed a centaur warrior
 14524 | D:13     | Killed a centaur warrior
 14555 | D:13     | Noticed an alligator
 14556 | D:13     | Noticed a satyr
 14556 | D:13     | an alligator changed into a satyr
 14563 | D:13     | Noticed a jorogumo
 14563 | D:13     | a satyr changed into a jorogumo
 14565 | D:13     | Noticed a boulder beetle
 14565 | D:13     | a jorogumo changed into a boulder beetle
 14565 | D:13     | a boulder beetle changed into something unseen
 14569 | D:13     | Noticed a minotaur
 14570 | D:13     | Noticed an entropy weaver
 14570 | D:13     | a minotaur changed into an entropy weaver
 14572 | D:13     | Noticed an ice dragon
 14572 | D:13     | an entropy weaver changed into an ice dragon
 14575 | D:13     | an ice dragon changed into a wolf spider
 14580 | D:13     | Reached skill level 8 in Dodging
 14712 | D:13     | Found a gate to the Vaults.
 14778 | D:13     | Noticed a two-headed ogre
 14788 | D:13     | Killed a two-headed ogre
 14827 | D:13     | Noticed a tengu warrior
 14831 | D:13     | Noticed a tengu warrior
 14853 | D:13     | Killed a tengu warrior
 14854 | D:13     | Reached XP level 13. HP: 71/104 MP: 19/24
 15117 | D:13     | Reached skill level 1 in Shields
 15253 | D:13     | Reached skill level 2 in Shields
 15893 | D:14     | Reached skill level 3 in Shields
 15894 | D:14     | HP: 20/104 [meliai/divine providence (10)]
 15899 | D:14     | HP: 13/104 [poisoned by a meliai]
 16277 | D:13     | Reached skill level 4 in Shields
 16857 | D:13     | Reached skill level 5 in Shields
 17361 | D:14     | Identified Roxanne's Compendium of Stones
 17361 | D:14     | Noticed Roxanne
 17568 | D:14     | Reached skill level 6 in Shields
 17676 | D:14     | your +0 crystal plate armour {rare=g} glows green for a
                  | moment.
 17677 | D:14     | your +1 crystal plate armour {rare=g} glows green for a
                  | moment.
 18029 | Lair:1   | Entered Level 1 of the Lair of Beasts
 18078 | Lair:1   | Reached skill level 7 in Shields
 18779 | Lair:2   | You add the spells Sting, Poisonous Vapours and Olgreb's
                  | Toxic Radiance to your library.
 18817 | Lair:2   | Reached skill level 8 in Shields
 19097 | Lair:2   | Found a runed translucent door.
 19098 | Lair:2   | Noticed rageheart7's ghost (journeyman DjAK)
 19119 | Lair:2   | Identified the +10 long sword of the Insatiable Beds
                  | {vorpal, Drain rN+++ Str+3 SInv}
 19513 | Lair:2   | Found a staircase to the Shoals.
 19999 | Lair:3   | Reached skill level 9 in Shields
 20204 | Lair:3   | Found a hole to the Spider Nest.
 20409 | Lair:3   | Identified the +1 dagger "Voat" {drain, rN+}
 20737 | Lair:3   | You fall into a shaft and drop 1 floor!
 20756 | Lair:4   | You pick up a book of Blood and begin reading...
 20756 | Lair:4   | You add the spells Sublimation of Blood, Wereblood and
                  | Summon Hydra to your library.
 20977 | Lair:4   | Noticed Nergalle
 20988 | Lair:4   | Killed Nergalle
 20989 | Lair:4   | Reached skill level 10 in Shields
 20989 | Lair:4   | Gained mutation: You are completely covered in sharp
                  | spines. [demonic ancestry]
 20989 | Lair:4   | Reached XP level 14. HP: 111/111 MP: 25/25
 21095 | Lair:4   | Noticed Rupert
 21109 | Lair:4   | Killed Rupert
 21111 | Lair:4   | G - a +1 triple sword of freezing {longrare=g}
 21450 | Lair:3   | You drop a +1 triple sword of freezing {longrare=g}.
 21452 | Lair:3   | G - a +1 triple sword of freezing {longrare=g}
 21661 | Lair:4   | Noticed Urug
 21674 | Lair:4   | Killed Urug
 22091 | Lair:5   | Reached skill level 11 in Shields
 22417 | Lair:5   | Gained mutation: Your muscles are strong. (Str +2) [potion
                  | of mutation]
 22417 | Lair:5   | Gained mutation: You have sharp toenails. [potion of
                  | mutation]
 22633 | Lair:5   | Reached skill level 12 in Shields
 23135 | Lair:6   | Entered Level 6 of the Lair of Beasts
 23576 | Lair:6   | Reached skill level 13 in Shields
 24044 | Lair:6   | Identified the +7 scimitar of the Egg {elec, *Rage *Corrode
                  | rPois rC+++}
 24106 | Lair:6   | You pick up a book of Flames and begin reading...
 24106 | Lair:6   | You add the spells Foxfire, Conjure Flame, Inner Flame and
                  | Flame Wave to your library.
 24299 | Lair:6   | Found a runed translucent gate.
 24300 | Lair:6   | Found a runed translucent gate.
 24300 | Lair:6   | Found a runed translucent gate.
 24369 | Lair:6   | Found a runed translucent door.
 24370 | Lair:6   | Found a viscous altar of Jiyva.
 24370 | Lair:6   | Noticed an acid blob
 24371 | Lair:6   | Found a staircase to the Slime Pits.
 24371 | Lair:6   | Noticed an acid blob
 24371 | Lair:6   | Noticed an acid blob
 24625 | Lair:6   | Noticed zishaf's ghost (journeyman TrDe)
 24766 | Orc:1    | Entered Level 1 of the Orcish Mines
 24781 | Orc:1    | Reached XP level 15. HP: 117/117 MP: 26/26
 25123 | Orc:1    | Reached ***** piety under Qazlal
 25308 | Orc:1    | Reached skill level 13 in Armour
 25611 | Orc:2    | Entered Level 2 of the Orcish Mines
 26108 | Orc:2    | Found a staircase to the Elven Halls.
 26331 | Orc:2    | Noticed an orc warlord
 26334 | Orc:2    | Killed an orc warlord
 26342 | Orc:2    | HP: 24/117 [orc high priest/divine providence (9)]
 26345 | Orc:2    | Reached skill level 14 in Armour
 26643 | Orc:2    | Found Noit Hacsa's Antique Armour Emporium.
 26644 | Orc:2    | Found Deosuur's Antique Weapon Shoppe.
 26646 | Orc:2    | Found Vuckonix's General Store.
 26646 | Orc:2    | Found Pesyitac's Book Emporium.
 26800 | Orc:2    | Bought a glowing great mace for 218 gold pieces
 26801 | Orc:2    | Bought an ichor-stained morningstar for 207 gold pieces
 26801 | Orc:2    | Identified the +10 morningstar of Patterns {vamp, rPois}
                  | (You bought it in a shop on level 2 of the Orcish Mines)
 27009 | Spider:1 | Entered Level 1 of the Spider Nest
 27032 | Spider:2 | Reached skill level 1 in Maces & Flails
 27351 | Spider:1 | You fall into a shaft and drop 1 floor!
 27356 | Spider:2 | Reached skill level 2 in Maces & Flails
 27629 | Spider:2 | Reached skill level 3 in Maces & Flails
 27917 | Spider:2 | Reached skill level 15 in Armour
 28112 | Spider:3 | Noticed an emperor scorpion
 28136 | Spider:2 | Killed an emperor scorpion
 28432 | Spider:2 | Reached skill level 4 in Maces & Flails
 28652 | Spider:2 | You drop a +1 triple sword of freezing {longrare=g}.
 28655 | Spider:2 | G - a +1 triple sword of freezing {longrare=g}
 28682 | Spider:3 | Reached ****** piety under Qazlal
 28686 | Spider:3 | HP: 28/117 [poisoned by a redback]
 28691 | Spider:2 | HP: 23/117 [poisoned by a redback]
 29327 | Spider:3 | Gained mutation: You sometimes lose the ability to read
                  | scrolls when taking damage. [mutagenic glow]
 29328 | Spider:3 | Reached XP level 16. HP: 42/123 MP: 9/27
 29641 | Spider:3 | You pick up a book of Cantrips and begin reading...
 29641 | Spider:3 | You add the spells Animate Skeleton, Summon Small Mammal
                  | and Apportation to your library.
 29721 | Spider:3 | Identified the +4 ring mail of Imperfection {rF+++}
 29854 | Spider:4 | Entered Level 4 of the Spider Nest
 29976 | Spider:3 | Reached skill level 5 in Maces & Flails
 30293 | Spider:4 | Reached skill level 16 in Armour
 30299 | Spider:4 | HP: 34/184 [radroach (22)]
 30306 | Spider:4 | HP: 43/184 [barbs]
 30858 | Spider:4 | Reached skill level 6 in Maces & Flails
 30878 | Spider:3 | HP: 26/123 [something (14)]
 31809 | Spider:4 | HP: 26/117 [pharaoh ant (6)]
 31812 | Spider:4 | Reached skill level 17 in Armour
 31813 | Spider:4 | Reached skill level 7 in Maces & Flails
 31851 | Spider:4 | HP: 27/123 [ghost moth (10)]
 31853 | Spider:4 | Blown up by a sun moth

Vanquished Creatures
  An orc warlord (Orc:2)
  3 ghost moths (Spider:3)
  5 emperor scorpions
  4 entropy weavers
  A spark wasp (Spider:4)
  An ettin (Orc:2)
  4 hydras
  4 boulder beetles
  5 radroaches
  3 catoblepae (Lair:6)
  4 centaur warriors (D:13)
  5 two-headed ogres
  7 death yaks
  2 tengu warriors (D:13)
  4 orc high priests
  Urug (Lair:4)
  Sonja (D:12)
  4 skeletal warriors
  Nergalle (Lair:4)
  9 pharaoh ants
  Lodul (D:10)
  7 steelbarb worms
  4 orc knights
  3 orb spiders
  A harpy (shapeshifter) (D:13)
  16 wolf spiders
  A salamander (shapeshifter) (D:14)
  3 moths of wrath
  2 cyclopes
  3 orc sorcerers (Orc:2)
  3 manticores
  11 elephants
  A water nymph (shapeshifter) (D:13)
  5 torpor snails
  4 black mambas
  A gargoyle (D:12)
  An unseen horror (D:11)
  3 rime drakes
  6 demonic crawlers
  9 cane toads
  A freezing wraith (D:14)
  14 komodo dragons
  Psyche (D:12)
  A kobold demonologist (D:10)
  4 trolls
  9 meliai
  A hornet (D:9)
  2 polar bears
  3 blink frogs (Lair:5)
  21 tarantellas
  8 slime creatures
  25 jumping spiders
  14 culicivoras
  19 dream sheep
  5 shadows
  5 wraiths
  5 wyverns
  3 fire elementals
  48 yaks
  A basilisk (D:11)
  2 vampires
  5 humans
  2 steam dragons
  A hog (shapeshifter) (D:13)
  27 redbacks
  Menkaure (D:4)
  5 vampire mosquitoes
  13 water moccasins
  2 hell hounds (D:11)
  34 orc warriors
  2 ice beasts
  8 wolves
  12 ogres
  3 black bears
  2 sky beasts
  15 centaurs
  A phantom (D:7)
  11 bullfrogs
  A kobold brigand (D:9)
  A scorpion (D:5)
  2 gnoll sergeants
  14 wights
  5 killer bees (D:9)
  A howler monkey (D:11)
  3 hounds
  24 orc priests
  2 jellies
  3 gnoll shamans (D:9)
  25 orc wizards
  6 iguanas
  9 hell rats
  29 gnolls
  5 adders
  4 river rats (D:11)
  A shadow imp (D:7)
  2 white imps
  4 ufetubi
  A worm (D:2)
  83 orcs
  A ball python (D:1)
  6 endoplasms
  4 giant cockroaches (D:5)
  3 goblins
  5 hobgoblins
  4 quokkas
  5 bats
  A frilled lizard (D:2)
  7 kobolds
  4 rats
755 creatures vanquished.

Vanquished Creatures (collateral kills)
  Rupert (Lair:4)
  An emperor scorpion (Spider:4)
  A ghost moth (Spider:4)
  Azrael (D:11)
  A hydra (D:14)
  3 boulder beetles
  A radroach (Spider:4)
  A two-headed ogre (D:10)
  2 death yaks
  An orc high priest (Orc:2)
  An orc knight (D:14)
  An orc sorcerer (Orc:2)
  2 elephants (Lair:6)
  A gargoyle (D:14)
  3 cane toads
  A demonic crawler (Spider:4)
  A komodo dragon (Lair:5)
  A meliai (D:14)
  A tarantella (Spider:3)
  A dream sheep (Lair:5)
  A jumping spider (Spider:3)
  A culicivora (Spider:4)
  2 yaks (D:12)
  4 orc warriors (Orc:2)
  3 orcs (Orc:2)
37 creatures vanquished.

Vanquished Creatures (others)
  A jumping spider (Spider:1)
  25 fungi
  39 plants
65 creatures vanquished.

Grand Total: 857 creatures vanquished

Table legend:
 A = Non-vault XP
 B = Vault XP
 C = Vault XP percentage of total XP
 D = Non-vault monster count
 E = Vault monster count
 F = Vault count percentage of total count
                 A         B        C        D         E       F
            +---------+---------+-------+---------+---------+-------
      Total |  138575 |   58935 |  29.8 |     597 |     196 |  24.7
            +---------+---------+-------+---------+---------+-------
        D:1 |       3 |       0 |   0.0 |       2 |       0 |   0.0
        D:2 |      34 |       0 |   0.0 |      11 |       0 |   0.0
        D:3 |     119 |       0 |   0.0 |      18 |       0 |   0.0
        D:4 |     434 |     400 |  48.0 |      15 |      12 |  44.4
        D:5 |     902 |     715 |  44.2 |      23 |      11 |  32.4
        D:6 |     951 |     382 |  28.7 |      18 |       2 |  10.0
        D:7 |    2578 |       0 |   0.0 |      22 |       0 |   0.0
        D:8 |    1180 |       0 |   0.0 |      18 |       0 |   0.0
        D:9 |    1715 |       0 |   0.0 |      33 |       0 |   0.0
       D:10 |    1693 |    4650 |  73.3 |      10 |      10 |  50.0
       D:11 |    5308 |    2835 |  34.8 |      36 |      15 |  29.4
       D:12 |    4257 |    1335 |  23.9 |      19 |       3 |  13.6
       D:13 |   12917 |    1252 |   8.8 |      25 |       3 |  10.7
       D:14 |    5870 |    1899 |  24.4 |      11 |       9 |  45.0
     Lair:1 |    2279 |     335 |  12.8 |      11 |       3 |  21.4
     Lair:2 |    2678 |    1263 |  32.0 |      12 |       3 |  20.0
     Lair:3 |    4763 |    1299 |  21.4 |      20 |       4 |  16.7
     Lair:4 |    2117 |    3360 |  61.3 |       9 |       3 |  25.0
     Lair:5 |    9359 |    1457 |  13.5 |      35 |       4 |  10.3
     Lair:6 |   11483 |   10901 |  48.7 |      34 |      23 |  40.4
   Spider:1 |    3266 |       0 |   0.0 |      11 |       0 |   0.0
   Spider:2 |   19629 |       0 |   0.0 |      50 |       0 |   0.0
   Spider:3 |   16260 |       0 |   0.0 |      35 |       0 |   0.0
   Spider:4 |   22795 |   15126 |  39.9 |      55 |      20 |  26.7
      Orc:1 |    3322 |     920 |  21.7 |      30 |       2 |   6.2
      Orc:2 |    2663 |   10806 |  80.2 |      34 |      69 |  67.0
            +---------+---------+-------+---------+---------+-------

Illustrated notes

Table legend:
 A = Kills in this place as a percentage of kills in entire the game.
 B = Kills by you in this place as a percentage of kills by you in the entire game.
 C = Kills by friends in this place as a percentage of kills by friends in the entire game.
 D = Other kills in this place as a percentage of other kills in the entire game.
 E = Experience gained in this place as a percentage of experience gained in the entire game.
 F = Experience gained in this place divided by the number of levels of this place that you have seen.
                   A       B       C       D       E      F
               +-------+-------+-------+-------+-------+----------------------
         Total | 100.0 | 100.0 | 100.0 | 100.0 | 100.0 | 7315.2
       Dungeon |  41.1 |  41.9 |  27.0 |   0.0 |  26.0 | 3673.5
          Lair |  20.3 |  20.1 |  24.3 |   0.0 |  26.0 | 8549.0
   Spider Nest |  21.6 |  21.3 |  24.3 | 100.0 |  39.0 | 19269.0
  Orcish Mines |  17.0 |  16.7 |  24.3 |   0.0 |   9.0 | 8855.5
               +-------+-------+-------+-------+-------+----------------------

Table legend: (Time is in decaauts)
 A = Elapsed time spent in this place.
 B = Non-inter-level travel time spent in this place.
 C = Inter-level travel time spent in this place.
 D = Time resting spent in this place.
 E = Time spent auto-exploring this place.
 F = Levels seen in this place.
 G = Mean time per level.
                   A        B        C        D        E       F      G
               +--------+--------+--------+--------+--------+-----+--------+
         Total |  32841 |  31756 |   1085 |   8335 |  18436 |  27 | 1216.3 |
       Dungeon |  18370 |  17695 |    675 |   4667 |  10438 |  14 | 1312.1 |
        Temple |    185 |    155 |     30 |      0 |    142 |   1 |  185.0 |
          Lair |   7058 |   6807 |    251 |    884 |   4960 |   6 | 1176.3 |
   Spider Nest |   5056 |   4972 |     84 |   2381 |   1600 |   4 | 1264.0 |
  Orcish Mines |   2170 |   2126 |     44 |    402 |   1295 |   2 | 1085.0 |
               +--------+--------+--------+--------+--------+-----+--------+

Top non-repeatable levels by time:
    D:13: 2557 daAuts
Spider:2: 2434 daAuts
    D:11: 2069 daAuts
     D:5: 2056 daAuts
     D:4: 1968 daAuts
Spider:3: 1583 daAuts
  Lair:3: 1435 daAuts
  Lair:5: 1427 daAuts
  Lair:6: 1346 daAuts
    D:14: 1284 daAuts
     D:7: 1283 daAuts
     D:6: 1277 daAuts
  Lair:2: 1276 daAuts
   Orc:2: 1207 daAuts
    D:10: 1191 daAuts
